 Dungeon Crawl Stone Soup version 0.30-a0-542-ge43150dd35 (webtiles) character file.

Game seed: 13544846870891905624

6064 Gitty the Cleaver (level 10, 0/91 HPs)
             Began as a Minotaur Berserker on Dec 26, 2022.
             Was an Elder of Trog.
             Slain by a troll (7 damage)
             ... on level 9 of the Dungeon.
             The game lasted 00:29:52 (6649 turns).

Gitty the Cleaver (Minotaur Berserker)              Turns: 6649, Time: 00:29:53

Health: 0/91       AC: 19    Str: 27    XL:     10   Next: 57%
Magic:  9/9        EV:  8    Int:  4    God:    Trog [****..]
Gold:   362        SH:  0    Dex:  9    Spells: 9/9 levels left

rFire   . . .      SeeInvis .    v - +0 battleaxe
rCold   . . .      Faith    .    (shield currently unavailable)
rNeg    . . .      Spirit   .    N - +0 plate armour
rPois   .          Reflect  .    (helmet restricted)
rElec   .          Harm     .    U - +2 cloak
rCorr   .          Rampage  .    E - +0 pair of gloves
Will    .....                    r - +0 pair of boots Stlth
                                 (no amulet)
HPRegen 0.35/turn                (no ring)
MPRegen 0.11/turn                (no ring)

@: about to teleport, on berserk cooldown, slowed, very slow
A: horns 2, retaliatory headbutt
a: Renounce Religion, Berserk, Trog's Hand, Brothers in Arms


You were on level 9 of the Dungeon.
You worshipped Trog.
Trog was greatly pleased with you.
You visited 1 branch of the dungeon, and saw 9 of its levels.
You also visited: Ossuary.

You collected 474 gold pieces.
You spent 112 gold pieces at shops.

Inventory:

Hand Weapons
 e - a +0 dire flail
 h - a +0 sling
 l - a +0 war axe
 q - a +2 flail of draining
 v - a +0 battleaxe (weapon)
 H - a +0 morningstar
 M - a +2 vorpal halberd
Missiles
 d - 11 javelins (quivered)
 Q - 10 poisoned darts
 R - 6 boomerangs
Armour
 r - a +0 pair of boots (worn)
 E - a +0 pair of gloves (worn)
 J - a +3 leather armour of fire resistance
 N - a +0 plate armour (worn)
 S - the +2 cloak of the Thief {*Fog Slay-2 SInv Stlth+}
   (You found it on level 7 of the Dungeon)

   It may release a thick cloud of smoke when the wearer is hurt.
   Slay:      It affects your accuracy & damage with ranged weapons and melee
   (-2).
   SInv:      It lets you see invisible.
   Stlth:     It makes you more stealthy.
 U - a +2 cloak (worn)
Jewellery
 s - an amulet of magic regeneration
 x - a ring of fire
 C - a ring of magical power
Wands
 B - a wand of roots (6)
 I - a wand of flame (21)
 P - a wand of polymorph (8)
 T - a wand of paralysis (12)
Scrolls
 a - 4 scrolls of teleportation
 b - a scroll of torment {unknown}
 c - 2 scrolls of amnesia {unknown}
 i - a scroll of acquirement {unknown}
 n - 2 scrolls of brand weapon {unknown}
 t - a scroll of magic mapping {unknown}
 w - a scroll of butterflies {unknown}
 y - 3 scrolls of vulnerability
 D - 5 scrolls of fog
 F - 2 scrolls of poison {unknown}
 G - 4 scrolls of blinking
 O - a scroll of enchant armour
 V - a scroll of fear {unknown}
Potions
 f - 3 potions of curing
 g - 4 potions of attraction
 j - 3 potions of degeneration
 k - a potion of cancellation {unknown}
 m - a potion of heal wounds
 o - a potion of resistance {unknown}
 p - a potion of might
 u - a potion of lignification {unknown}
 z - a potion of mutation {unknown}
 A - a potion of brilliance {unknown}
 K - a potion of magic {unknown}
 L - a potion of ambrosia {unknown}


   Skills:
 + Level 9.3 Fighting
 + Level 14.2 Axes
 + Level 3.1 Throwing
 + Level 8.2 Armour
 + Level 4.3 Dodging
 + Level 1.2 Stealth


You had 9 spell levels left.
You didn't know any spells.
Your spell library was empty.

Dungeon Overview and Level Annotations

Branches:
Dungeon (9/15)             Temple (0/1) D:4         Ossuary (visited)
   Lair: D:8-11         Orc: D:9-12

Altars:
Dithmenos
Hepliaklqana
Makhleb
Sif Muna
Uskayaw
Vehumet
Xom

Shops:
D:6 ?


Innate Abilities, Weirdness & Mutations

You have a pair of horns on your head.
You reflexively headbutt those who attack you in melee.


Message History

The deep elf pyromancer gestures wildly while chanting.
The troll barely misses you.
The troll claws you but does no damage. x2
The troll bites you but does no damage. The troll closely misses you.
The troll claws you but does no damage.
The shadow slips into darkness.
The shadow flickers and vanishes!
Deactivating autopickup; reactivate with Ctrl-A.
The troll bites you but does no damage. The troll claws you but does no damage.
The troll barely misses you. The troll completely misses you.
The troll barely misses you. The troll closely misses you.
The troll attacks as you move away! The troll bites you but does no damage.
The troll claws you! The troll claws you. The troll attacks as you move away!
The troll bites you! The troll claws you but does no damage.
The troll misses you. The fire elemental hits you.
The fire elemental burns you! The fire elemental hits you.
The fire elemental burns you! The troll attacks as you move away!
The troll completely misses you. The troll claws you.
The troll claws you but does no damage.
You feel less confused.
The deep elf pyromancer mumbles some strange words.
The troll bites you. The troll claws you but does no damage.
The troll barely misses you. x2; The troll completely misses you.
The troll claws you but does no damage. The troll attacks as you move away!
The troll bites you! The troll claws you. The troll closely misses you.
The fire elemental disappears in a puff of smoke!
The deep elf pyromancer casts a spell.
The deep elf pyromancer blinks!
As you read the scroll of teleportation, it crumbles to dust.
You feel strangely unstable. The troll bites you!
The troll claws you but does no damage. The troll barely misses you.
The troll bites you. The troll claws you.
The troll claws you but does no damage. The troll attacks as you move away!
The troll bites you!
* * * LOW HITPOINT WARNING * * *
The troll claws you!
* * * LOW HITPOINT WARNING * * *
The troll closely misses you. The troll attacks as you move away!
The troll bites you!
You die...

### ####
#). ...+
#[.. ...#
#.. #..#
#... #..#
#..○# #..#
#E○y###@.#
#.○o..#ET#
##Ey...T°#
###°.○°.#
####!$#
####


You could see 2 trolls and a fire elemental (summoned).

Vanquished Creatures
  A two-headed ogre (D:8)
  Pikel (D:6)
  A hornet (D:7)
  A shadow (D:7)
  6 yaks (D:8)
  Eustachio (D:4)
  A steam dragon (D:8)
  Duvessa (D:5)
  A water moccasin (D:6)
  A sky beast (D:6)
  An ice beast (D:7)
  3 orc warriors
  2 centaurs
  A phantom (D:7)
  2 kobold brigands
  7 elf zombies (Ossuary)
  3 bullfrogs
  3 necrophages
  2 gnoll sergeants
  A scorpion (D:6)
  3 wights (D:6)
  Dowan (D:5)
  6 killer bees (D:8)
  A howler monkey (D:5)
  2 jellies (D:5)
  4 human zombies (Ossuary)
  A centaur zombie (Ossuary)
  4 hounds
  7 orc priests
  Terence (D:3)
  2 iguanas
  4 orc wizards
  3 mummies (Ossuary)
  Robin (D:2)
  6 gnolls
  7 adders
  A shadow imp (D:7)
  A white imp (D:5)
  2 ufetubi
  A worm (D:3)
  3 dart slugs
  33 orcs
  3 endoplasms
  2 giant cockroaches
  20 goblins
  12 hobgoblins
  13 kobolds
  5 quokkas
  6 ball pythons
  3 bats
  4 frilled lizards
  6 rats
208 creatures vanquished.

Notes
Turn   | Place    | Note
-------+----------+-------------------------------------------
     0 | D:1      | Gitty the Minotaur Berserker began the quest for the Orb.
     0 | D:1      | Reached XP level 1. HP: 19/19 MP: 0/0
   122 | D:1      | Reached XP level 2. HP: 22/27 MP: 1/1
   124 | D:1      | Reached skill level 4 in Axes
   266 | D:1      | Reached ** piety under Trog
   671 | D:1      | Reached XP level 3. HP: 22/33 MP: 2/2
  1329 | D:2      | Noticed Robin
  1350 | D:2      | Killed Robin
  1351 | D:2      | Reached XP level 4. HP: 26/41 MP: 3/3
  1844 | D:3      | Noticed a +0 short sword
  1844 | D:3      | Noticed a +0 falchion
  1845 | D:3      | Noticed a +0 spear
  1846 | D:3      | Noticed a +0 falchion
  1846 | D:3      | Noticed a +0 dagger
  1846 | D:3      | Noticed a +0 dagger
  1846 | D:3      | Noticed a +0 spear
  1847 | D:3      | Noticed a +0 short sword
  2004 | D:3      | Reached skill level 5 in Axes
  2217 | D:3      | Found a radiant altar of Vehumet.
  2427 | D:3      | Found a hide-covered altar of Uskayaw.
  2582 | D:3      | Found a faded altar of an unknown god.
  2644 | D:3      | Noticed Terence
  2652 | D:3      | Killed Terence
  2653 | D:3      | Reached XP level 5. HP: 36/47 MP: 4/4
  2887 | D:4      | Reached *** piety under Trog
  2888 | D:4      | Reached skill level 5 in Fighting
  2927 | D:4      | Found a staircase to the Ecumenical Temple.
  3048 | D:4      | Noticed Eustachio
  3071 | D:4      | Killed Eustachio
  3072 | D:4      | Reached skill level 6 in Axes
  3072 | D:4      | Reached XP level 6. HP: 32/56 MP: 5/5
  3698 | D:5      | Entered Level 5 of the Dungeon
  3698 | D:5      | Found a shadowy altar of Dithmenos.
  3827 | D:5      | Reached skill level 7 in Axes
  3827 | D:5      | Reached XP level 7. HP: 20/62 MP: 6/6
  4066 | D:5      | Noticed Duvessa
  4067 | D:5      | Noticed Dowan
  4073 | D:5      | Killed Duvessa
  4076 | D:5      | Killed Dowan
  4172 | D:5      | Found a burning altar of Makhleb.
  4175 | D:5      | Found a hazy altar of Hepliaklqana.
  4470 | D:6      | Reached skill level 8 in Axes
  4470 | D:6      | Reached skill level 1 in Throwing
  4494 | D:6      | Reached XP level 8. HP: 71/71 MP: 7/7
  4500 | D:6      | Noticed Pikel
  4512 | D:6      | Killed Pikel
  4513 | D:6      | Reached skill level 9 in Axes
  4513 | D:6      | Reached skill level 5 in Armour
  4762 | D:6      | Found Kedippou's Magic Scroll Shop.
  4783 | D:6      | Reached skill level 10 in Axes
  4801 | D:6      | Reached XP level 9. HP: 13/79 MP: 8/8
  4880 | D:6      | Found a sand-covered staircase.
  4887 | Ossuary  | Entered an ossuary
  5066 | Ossuary  | Reached **** piety under Trog
  5081 | Ossuary  | Reached skill level 11 in Axes
  5263 | D:6      | Bought a scroll of blinking for 112 gold pieces
  5377 | D:7      | Found a shimmering blue altar of Sif Muna.
  5465 | D:7      | Reached skill level 12 in Axes
  5508 | D:7      | Reached skill level 1 in Stealth
  5613 | D:7      | Found the +2 cloak of the Thief {*Fog Slay-2 SInv Stlth+}
  5837 | D:7      | Found a shimmering altar of Xom.
  6079 | D:8      | Reached XP level 10. HP: 72/89 MP: 9/9
  6083 | D:8      | Noticed a two-headed ogre
  6093 | D:8      | Killed a two-headed ogre
  6094 | D:8      | Reached skill level 13 in Axes
  6242 | D:8      | HP: 3/90 [steam dragon/ball of steam (25)]
  6247 | D:8      | Reached skill level 14 in Axes
  6634 | D:9      | Noticed a deep elf pyromancer
  6649 | D:9      | Slain by a troll

Illustrated notes

Levels and vault maps discovered:
D:1:      shiori_arrival_maze, layout_basic
D:2:      layout_loops_corners, uniq_robin
D:3:      layout_loops_corners, mainiacjoe_overflow_24_doors,
          nicolae_uskayaw_en_pointe, ebering_ecumenical_altar_petrified,
          uniq_terence
D:4:      layout_basic, minmay_temple_entry_mist, due_unseen_surprise,
          uniq_eustachio
D:5:      layout_basic, minitemple, mainiacjoe_overflow_concentric_impassable,
          uniq_duvessa
D:6:      layout_basic, serial_shops, nicolae_shop_behind_doors,
          chequers_ossuary_entry_cave, uniq_pikel
D:7:      layout_basic, lemuel_blue_sif_altar, xom_redecorated
D:8:      layout_gridville, hangedman_decor_peaks_small, nicolae_wwwww
D:9:      minmay_quarter_circles, layout_cross,
          mainiacjoe_overflow_six_doors_small, chei_slow_surprise,
          chequers_mini_garden

Skill      XL: |  1  2  3  4  5  6  7  8  9 10 |
---------------+-------------------------------+-----
Axes           | 4 5 6 7 8 10 12 14 | 14.2
Fighting       | 4 5 6 7 8 9 |  9.3
Dodging        | 3 4 |  4.3
Armour         | 3 4 5 7 8 |  8.2
Throwing       | 1 2 3 |  3.1
Stealth        | 1 |  1.2

Action                   |  1- 3 |  4- 6 |  7- 9 | 10-12 || total
-------------------------+-------+-------+-------+-------++-------
Melee: Hand axe          |    33 |       |       |       ||    33
       Headbutt          |    10 |    11 |    35 |    15 ||    71
       War axe           |    44 |    22 |       |       ||    66
       Battleaxe         |       |    85 |   244 |    69 ||   398
       Punch             |       |     1 |       |       ||     1
Throw: Javelin           |       |     6 |     3 |     2 ||    11
       Boomerang         |       |       |    16 |       ||    16
Invok: Berserk           |     1 |       |     3 |     1 ||     5
       Trog's Hand       |       |     1 |     4 |     2 ||     7
  Use: Scroll            |       |     3 |     5 |     1 ||     9
       Potion            |       |       |     2 |     5 ||     7
 Stab: Sleeping          |       |     1 |       |       ||     1
Armor: Animal skin       |    17 |     8 |       |       ||    25
       Chain mail        |       |    78 |    83 |       ||   161
       Plate armour      |       |       |    84 |   112 ||   196
Dodge: Dodged            |    57 |    75 |   118 |    78 ||   328

Table legend: (Time is in decaauts)
 A = Elapsed time spent in this place.
 B = Non-inter-level travel time spent in this place.
 C = Inter-level travel time spent in this place.
 D = Time resting spent in this place.
 E = Time spent auto-exploring this place.
 F = Levels seen in this place.
 G = Mean time per level.
                   A        B        C        D        E       F      G
               +--------+--------+--------+--------+--------+-----+--------+
         Total |   6794 |   6616 |    178 |      0 |   5054 |  10 |  679.4 |
       Dungeon |   6443 |   6265 |    178 |      0 |   4869 |   9 |  715.9 |
       Ossuary |    351 |    351 |      0 |      0 |    185 |   1 |  351.0 |
               +--------+--------+--------+--------+--------+-----+--------+

Top non-repeatable levels by time:
     D:3: 1037 daAuts
     D:2: 977 daAuts
     D:1: 888 daAuts
     D:4: 850 daAuts
     D:5: 795 daAuts
     D:7: 667 daAuts
     D:8: 658 daAuts
     D:6: 545 daAuts
 Ossuary: 351 daAuts
     D:9: 22 daAuts
